 Dungeon Crawl Stone Soup version 0.30-a0-715-gdb4ae3ece1 (webtiles) character file.

Game seed: 14392136720267723034

375 kae the Changer (level 6, -3/43 HPs)
             Began as a Demonspawn Transmuter on Jan 24, 2023.
             Killed by divine providence
             ... invoked by an orc priest
              (11 damage)
             ... on level 4 of the Dungeon.
             The game lasted 00:05:12 (3497 turns).

kae the Changer (Demonspawn Transmuter)             Turns: 3497, Time: 00:05:13

Health: -3/43      AC:  3    Str: 10    XL:     6   Next: 44%
Magic:  10/11      EV: 17    Int: 19    God:
Gold:   124        SH:  4    Dex: 13    Spells: 5/11 levels left

rFire   . . .      SeeInvis .      - Unarmed
rCold   . . .      Faith    .    (no shield)
rNeg    . . .      Spirit   .    a - +0 robe
rPois   .          Reflect  .    (no helmet)
rElec   .          Harm     .    o - +0 cloak
rCorr   .          Rampage  .    (no gloves)
Will    .....                    (no boots)
Stlth   +                        (no amulet)
HPRegen 0.27/turn                E - +5 ring of evasion
MPRegen 0.12/turn                (no ring)

@: wereblooded
A: big brain 1, condensation shield
a: no special abilities


You were on level 4 of the Dungeon.
You visited 1 branch of the dungeon, and saw 4 of its levels.

You collected 124 gold pieces.


Innate Abilities, Weirdness & Mutations

You have an unusually large brain. (Int +2)
A meltable shield of frost defends you. (SH +4)


   Skills:
 - Level 1.0 Fighting
 - Level 1.7 Dodging
 + Level 3.9 Unarmed Combat
 + Level 3.3 Spellcasting
 * Level 4.3 Transmutations
 - Level 2.0 Poison Magic


You had 5 spell levels left.
You knew the following spells:

 Your Spells              Type           Power      Damage    Failure   Level
a - Beastly Appendage     Tmut           38%        N/A       2%          1
b - Wereblood             Tmut           19%        N/A       3%          2
c - Spider Form           Tmut/Pois      15%        N/A       12%         3

Your spell library contained the following spells:

 Spells                   Type           Power      Damage    Failure   Level
 Call Canine Familiar     Summ           3%         N/A       41%         3
 Portal Projectile        Hex/Tloc       6%         N/A       41%         3
 Ice Form                 Ice/Tmut       11%        N/A       52%         4
 Leda's Liquefaction      Hex/Erth       1%         N/A       82%         4

Inventory:

Missiles
 g - 45 stones
 m - 6 poisoned darts
Armour
 a - a +0 robe (worn)
 o - a +0 cloak (worn)
   (You found it on level 3 of the Dungeon)
Jewellery
 E - a +5 ring of evasion (left hand)
   (You found it on level 2 of the Dungeon)
 S - a +6 ring of strength
   (You found it on level 4 of the Dungeon)
Scrolls
 c - a scroll of vulnerability {!r!r}
 d - a scroll of immolation {!r!r}
 h - a scroll of fog {unknown}
 i - a scroll of noise {!r}
 k - 2 scrolls of teleportation {@r4}
 q - 2 scrolls of identify {@r1}
Potions
 b - a potion of might {unknown}
 e - 2 potions of brilliance
 f - a potion of flight {unknown}
 j - 2 potions of degeneration {unknown}
 l - a potion of curing {@q1}
 n - a potion of heal wounds {@q2}
 p - a potion of haste {unknown}

Dungeon Overview and Level Annotations

Branches:
Dungeon (4/15) Zot: 20510
 Temple: D:4-7

Altars:
Ashenzari
Dithmenos
Fedhas
Hepliaklqana
Vehumet

#.............#
###....†).......##
.................#
...........).........
....................
....###.....####.###
######.. ........##.....##
...##.# #######.#.......#
#.##.#########@#.......#
#.[...........og..._.....
#..............#.......#.
#.#.#..........#.......#
#.#.#..........##.....##
###.#............####.####
.##.#####+######...)......
..#.### #.# #########..
..#...###.########### .


You could see an orc priest and a hobgoblin.


Message History

You regained 2 hp, and now have 30/43 hp.
An orc is nearby!
Unknown command.
Unknown command.
An orc is nearby!
Unknown command.
Casting: Spider Form (quite dangerous; 28% risk of failure)
Confirm with . or Enter, or press ? or * to list all spells.
The spell is quite dangerous to miscast (28% risk of failure)!
Continue anyway? [Y]es or [N]o only, please.
The spell is quite dangerous to miscast (28% risk of failure)!
Continue anyway? [Y]es or [N]o only, please.
The spell is quite dangerous to miscast (28% risk of failure)!
Continue anyway? [Y]es or [N]o only, please.
The spell is quite dangerous to miscast (28% risk of failure)!
Continue anyway? [Y]es or [N]o only, please.
The spell is quite dangerous to miscast (28% risk of failure)!
Continue anyway?
Okay, then.
You see here a +0 quarterstaff.
An orc comes into view.
It is wielding a +0 mace. 😮 HP[+1] MP[+1]
Your transformation is almost over.
An orc priest comes into view.
It is wielding a +0 club and wearing the +1 leather armour of Qugom {Dex+2}.
The orc shouts!
You hit the orc.
The orc is poisoned.
An orc comes into view. It is wielding a +0 mace.
The orc hits you with a +0 mace!
The orc shouts! 😮 HP[-8]
You take 8 damage, and now have 23/43 hp.
You hit the orc.
The orc looks as sick as possible!
You hear a shout!
The orc closely misses you.
Casting: Spider Form (quite dangerous; 28% risk of failure)
Confirm with . or Enter, or press ? or * to list all spells.
Your blood is infused with primal strength.
You feel a bit better.
You kill the orc!
You hiss as the wereblood boils in your veins!
The orc misses you. 😮 HP[+3] MP[-2]
You regained 3 hp, and now have 26/43 hp.
You lost 2 mp, and now have 8/11 mp.
You bite the orc!
You feel a bit better.
You kill the orc! 😮 HP[+3]
You regained 3 hp, and now have 29/43 hp.
Unknown command.
You hit the orc.
The orc is poisoned.
The orc barely misses you.
You hit the orc but do no damage.
The orc looks as sick as possible!
The orc hits you with a +0 hand axe. 😮 HP[-5] MP[+1]
You take 5 damage, and now have 24/43 hp.
You completely miss the orc.
You feel a bit better.
You kill the orc!
The orc priest invokes the aid of Beogh against you.
You barely resist.
A hobgoblin comes into view. 😮 HP[+2]
You regained 2 hp, and now have 26/43 hp.
Unknown command.
Your transformation has ended.
Your +0 cloak unmelds from your body.
Your +0 robe unmelds from your body.
The orc priest misses you. You block the hobgoblin's attack.
Items here: ))) [ †.
You hit the orc priest but do no damage.
The orc priest closely misses you. The hobgoblin completely misses you.
You hit the orc priest. The orc priest hits you with a +0 club.
The hobgoblin closely misses you. 😮 HP[-4]
You take 4 damage, and now have 22/43 hp.
Unknown command.
You hit the orc priest. The orc priest hits you with a +0 club.
* * * LOW HITPOINT WARNING * * *
You block the hobgoblin's attack. 😨 HP[-1]
You take 1 damage, and now have 21/43 hp.
You hit the orc priest.
You howl as the wereblood boils in your veins!
The orc priest hits you with a +0 club.
* * * LOW HITPOINT WARNING * * *
You block the hobgoblin's attack. 😨 HP[-6]
You take 6 damage, and now have 15/43 hp.
You closely miss the orc priest. The orc priest hits you with a +0 club.
* * * LOW HITPOINT WARNING * * *
The hobgoblin hits you.
* * * LOW HITPOINT WARNING * * *
😱 HP[-6]
You take 6 damage, and now have 9/43 hp.
You hit the orc priest. The orc priest hits you with a +0 club.
* * * LOW HITPOINT WARNING * * *
The hobgoblin misses you.
Unknown command. 😱 HP[-1]
You take 1 damage, and now have 8/43 hp.
You hit the orc priest but do no damage.
The orc priest mumbles some strange prayers to Beogh against you.
Beogh smites you!
You die...

Skill      XL: |  1  2  3  4  5 |
---------------+----------------+-----
Transmutations | 2 3 4 |  4.3
Unarmed Combat | 3 |  3.9
Poison Magic   | 1 2 |  2.0
Spellcasting   | 3 |  3.3
Fighting       | |  1.0
Dodging        | |  1.7

Action                     |  1- 3 |  4- 6 || total
---------------------------+-------+-------++-------
  Melee: Unarmed           |    79 |   190 ||   269
         Kick              |    17 |     6 ||    23
         Headbutt          |    12 |     5 ||    17
         Punch             |       |     1 ||     1
   Cast: Beastly Appendage |    24 |     9 ||    33
         Spider Form       |     1 |    18 ||    19
         Wereblood         |       |     4 ||     4
    Use: Scroll            |     3 |     8 ||    11
         Potion            |       |     2 ||     2
   Stab: Sleeping          |     1 |     2 ||     3
 Armour: Robe              |     8 |     7 ||    15
         Skin              |       |    18 ||    18
  Dodge: Dodged            |    52 |   154 ||   206
  Block: Other             |       |    24 ||    24

Levels and vault maps discovered:
D:1:      eino_arrival_cavern_b, layout_basic,
          hellmonk_ecumenical_altar_inner_sanctum
D:2:      layout_loops_ring, minmay_tree_intersection, uniq_robin, uniq_jessica
D:3:      layout_basic, mainiacjoe_overflow_boulevard,
          mainiacjoe_overflow_surrounded_room, mainiacjoe_overflow_brackets
D:4:      minmay_bubble_buster, layout_basic, old_standard_altar,
          nicolae_uskayaw_murder_on_the_dancefloor, fiery_altar_vehumet,
          ebering_ghost_sewer_f

Notes
Turn   | Place    | Note
-------+----------+-------------------------------------------
     0 | D:1      | kae the Demonspawn Transmuter began the quest for the Orb.
     0 | D:1      | Reached XP level 1. HP: 15/15 MP: 3/3
     0 | D:1      | magus.rc [v1.11.3]
    32 | D:1      | Reached skill level 2 in Transmutations
    40 | D:1      | Gained mutation: You have an unusually large brain. (Int
                  | +2) [demonic ancestry]
    40 | D:1      | Reached XP level 2. HP: 8/21 MP: 3/5
    49 | D:1      | HP: 3/21 [goblin/+0 dagger (4)]
   490 | D:1      | Reached skill level 3 in Unarmed Combat
   510 | D:1      | Reached XP level 3. HP: 25/26 MP: 4/6
   513 | D:1      | Learned a level 2 spell: Wereblood
   517 | D:1      | Learned a level 3 spell: Spider Form
  1021 | D:1      | Found a faded altar of an unknown god.
  1301 | D:2      | You pick up a book of the Hunter and begin reading...
  1301 | D:2      | You add the spells Call Canine Familiar, Portal Projectile
                  | and Leda's Liquefaction to your library.
  1352 | D:2      | Noticed Jessica
  1358 | D:2      | Killed Jessica
  1359 | D:2      | Reached skill level 1 in Poison Magic
  1359 | D:2      | Gained mutation: A meltable shield of frost defends you.
                  | (SH +4) [demonic ancestry]
  1359 | D:2      | Reached XP level 4. HP: 29/32 MP: 0/7
  1537 | D:2      | Reached skill level 3 in Transmutations
  1543 | D:2      | Noticed Robin
  1583 | D:2      | Killed Robin
  2124 | D:3      | Found a hazy altar of Hepliaklqana.
  2292 | D:3      | Reached skill level 2 in Poison Magic
  2292 | D:3      | Reached XP level 5. HP: 35/37 MP: 3/9
  2490 | D:3      | Found a blossoming altar of Fedhas.
  2529 | D:3      | Found a broken altar of Ashenzari.
  2929 | D:4      | Found a runed translucent door.
  2953 | D:4      | Noticed initializr's ghost (amateur KoEn)
  2990 | D:4      | Killed initializr's ghost
  2991 | D:4      | Reached skill level 3 in Spellcasting
  3012 | D:4      | Found a runed translucent door.
  3071 | D:4      | Reached skill level 4 in Transmutations
  3124 | D:4      | Found a radiant altar of Vehumet.
  3170 | D:4      | Reached XP level 6. HP: 43/43 MP: 8/10
  3392 | D:4      | Found a shadowy altar of Dithmenos.
  3481 | D:4      | Identified the +1 leather armour of Qugom {Dex+2}
  3495 | D:4      | HP: 10/43 [orc priest/+0 club (5)]
  3497 | D:4      | Killed from afar by an orc priest

Vanquished Creatures
  The ghost of initializr the Sneak, an amateur KoEn (D:4)
  A hound (D:4)
  Jessica (D:2)
  2 iguanas (D:4)
  An orc wizard (D:3)
  Robin (D:2)
  4 adders
  3 worms
  3 dart slugs (D:1)
  5 orcs
  11 endoplasms
  5 giant cockroaches
  16 goblins
  11 hobgoblins
  7 jackals
  9 kobolds
  5 quokkas
  12 ball pythons
  3 bats
  2 frilled lizards
  3 rats
106 creatures vanquished.

Table legend:
 A = Non-vault XP
 B = Vault XP
 C = Vault XP percentage of total XP
 D = Non-vault monster count
 E = Vault monster count
 F = Vault count percentage of total count
                 A         B        C        D         E       F
            +---------+---------+-------+---------+---------+-------
      Total |     265 |     271 |  50.6 |      78 |      28 |  26.4
            +---------+---------+-------+---------+---------+-------
        D:1 |      56 |       0 |   0.0 |      27 |       0 |   0.0
        D:2 |      44 |      71 |  61.7 |      16 |      13 |  44.8
        D:3 |      62 |       0 |   0.0 |      16 |       0 |   0.0
        D:4 |     103 |     200 |  66.0 |      19 |      15 |  44.1
            +---------+---------+-------+---------+---------+-------

Illustrated notes

Table legend:
 A = Kills in this place as a percentage of kills in entire the game.
 B = Kills by you in this place as a percentage of kills by you in the entire game.
 C = Kills by friends in this place as a percentage of kills by friends in the entire game.
 D = Other kills in this place as a percentage of other kills in the entire game.
 E = Experience gained in this place as a percentage of experience gained in the entire game.
 F = Experience gained in this place divided by the number of levels of this place that you have seen.
                   A       B       C       D       E      F
               +-------+-------+-------+-------+-------+----------------------
         Total | 100.0 | 100.0 |   N/A |   N/A | 100.0 | 134.0
       Dungeon | 100.0 | 100.0 |   N/A |   N/A | 100.0 | 134.0
               +-------+-------+-------+-------+-------+----------------------

Table legend: (Time is in decaauts)
 A = Elapsed time spent in this place.
 B = Non-inter-level travel time spent in this place.
 C = Inter-level travel time spent in this place.
 D = Time resting spent in this place.
 E = Time spent auto-exploring this place.
 F = Levels seen in this place.
 G = Mean time per level.
                   A        B        C        D        E       F      G
               +--------+--------+--------+--------+--------+-----+--------+
         Total |   3489 |   3409 |     80 |     78 |   2588 |   4 |  872.2 |
       Dungeon |   3489 |   3409 |     80 |     78 |   2588 |   4 |  872.2 |
               +--------+--------+--------+--------+--------+-----+--------+

Top non-repeatable levels by time:
     D:1: 1071 daAuts
     D:2: 989 daAuts
     D:3: 823 daAuts
     D:4: 604 daAuts
